 Dungeon Crawl Stone Soup version 0.27-a0-1105-g946c659c87 (webtiles) character file.

Game seed: 16785587176978588107

1837 Dordric the Thaumaturge (level 9, -4/50 HPs)
             Began as a Djinni Conjurer on Apr 30, 2021.
             Was a Believer of Hepliaklqana.
             Shot with a sling bullet by Joseph (13 damage)
             ... on level 7 of the Dungeon.
             The game lasted 00:11:25 (7792 turns).

Dordric the Thaumaturge (Djinni Conjurer)           Turns: 7792, Time: 00:11:25

Health: -4/50      AC:  4    Str:  6    XL:     9   Next: 11%
Gold:   355        EV: 11    Int: 22    God:    Hepliaklqana [**....] SH:  0 Dex: 13

rFire    + + .     SeeInvis .   (no weapon)
rCold    x . .     Faith    .   (no shield)
rNeg     + . .     Spirit   .   q - +0 leather armour
rPois    ∞         Reflect  .   D - +1 hat
rElec    .         Harm     .   (no cloak)
rCorr    .         Rampage  .   (no gloves)
Will     .....                  (boots unavailable)
Stlth    ++........             (no amulet)
HPRegen  0.16/turn              b - ring of wizardry
MPRegen  0.00/turn              w - ring of positive energy

@: flying
A: reduced essence, fire resistance 2, cold vulnerability 1, float, innate
caster, hp casting, extra vitality 1
a: Renounce Religion, Recall Ancestor, Ancestor Identity


You were on level 7 of the Dungeon.
You worshipped Hepliaklqana.
Hepliaklqana was pleased with you.
You visited 1 branch of the dungeon, and saw 7 of its levels.

You collected 355 gold pieces.

Inventory:

Missiles
 o - 3 atropa-tipped darts
Armour
 a - a +0 robe
 q - a +0 leather armour (worn)
 D - a +1 hat (worn)
Jewellery
 b - a ring of wizardry (left hand)
 g - a ring of fire
 p - a ring of fire
 w - a ring of positive energy (right hand)
 B - a ring of resist corrosion
Wands
 s - a wand of iceblast (3)
Scrolls
 d - 2 scrolls of enchant weapon {unknown}
 f - 7 scrolls of identify {unknown}
 h - 3 scrolls of amnesia {unknown}
 j - a scroll of acquirement {unknown}
 k - 3 scrolls of teleportation {unknown}
 l - 4 scrolls of fog {unknown}
 r - a scroll of noise {unknown}
 t - a scroll of fear {unknown}
 u - a scroll of magic mapping {unknown}
 v - a scroll of enchant armour {unknown}
 x - a scroll of blinking {unknown}
 y - a scroll of torment {unknown}
 C - a scroll of vulnerability {unknown}
Potions
 c - 3 potions of cancellation {unknown}
 e - 3 potions of degeneration {unknown}
 i - 2 potions of attraction {unknown}
 m - a potion of haste {unknown}
 n - 2 potions of ambrosia {unknown}
 z - a potion of might {unknown}
 A - 3 potions of lignification {unknown}


   Skills:
 + Level 0.5 Fighting
 + Level 4.8 Armour
 - Level 2.1 Dodging
 - Level 1.5 Stealth
 + Level 9.3 Spellcasting
 + Level 1.3 Evocations


You had 3 spell levels left.
You knew the following spells:

 Your Spells              Type           Power      Damage    Failure   Level
a - Magic Dart            Conj           100%       1d8       1%          1
b - Searing Ray           Conj           100%       3d7       1%          2
c - Dazzling Flash        Conj/Hex       100%       N/A       1%          3
d - Fulminant Prism       Conj/Hex       25%        3d14      1%          4
e - Iskenderun's Mystic   Conj/Tloc      51%        2d11      1%          4
f - Apportation           Tloc           100%       N/A       1%          1
g - Passwall              Tmut/Erth      42%        N/A       1%          2
h - Ozocubu's Armour      Ice            51%        N/A       1%          3
i - Inner Flame           Hex/Fire       51%        N/A       1%          3
Your spell library was empty.

Dungeon Overview and Level Annotations

Branches:
Dungeon (7/15)             Temple (0/1) D:6

Altars:
Ashenzari
Hepliaklqana
Nemelex Xobeh
Uskayaw
Wu Jian
The Shining One

Shops:
D:6 :

Annotations:
D:7 Joseph


Innate Abilities, Weirdness & Mutations

Your life essence is reduced to manifest your ancestor. (-10% HP)
You are immune to poison.
Your flesh is very heat resistant. (rF++)
You are vulnerable to cold. (rC-)
You float through the air rather than walking.
You learn spells naturally, not from books.
Your magical power is your life essence.
You have superior vitality. (+4 HP)


Message History

Tiberius is destroyed!
The magic dart hits Joseph.
Joseph is heavily wounded.
Joseph shoots a sling bullet.
The sling bullet hits you.
Casting: Magic Dart (safe; 1% risk of failure)
Confirm with . or Enter, or press ? or * to list all spells.
Joseph is dazzled.
Joseph shoots a sling bullet.
The sling bullet closely misses you.
Casting: Dazzling Flash (safe; 1% risk of failure)
Confirm with . or Enter, or press ? or * to list all spells.
Aiming: Fulminant Prism (dangerous; 1% risk of failure)
Press: ? - help, Dir - move target, p - Joseph You conjure a prism of explosive energy!
* * * LOW HITPOINT WARNING * * *
A fulminant prism comes into view.
Joseph shoots a sling bullet.
The sling bullet hits your fulminant prism!!
The sling bullet burns your fulminant prism.
Your fulminant prism detonates feebly.
Casting: Fulminant Prism (dangerous; 1% risk of failure)
Confirm with . or Enter, or press ? or * to list all spells.
Aiming: Fulminant Prism (dangerous; 1% risk of failure)
Press: ? - help, Dir - move target You conjure a prism of explosive energy!
* * * LOW HITPOINT WARNING * * *
A fulminant prism comes into view.
Joseph shoots a sling bullet.
The sling bullet hits your fulminant prism!
The sling bullet burns your fulminant prism.
Your fulminant prism detonates feebly.
Casting: Fulminant Prism (dangerous; 1% risk of failure)
Confirm with . or Enter, or press ? or * to list all spells.
Aiming: Searing Ray (safe; 1% risk of failure)
Press: ? - help, Shift-Dir - straight line, f - Joseph
Aim: Joseph, wielding a +0 hunting sling of flaming, wearing a +0 leather armour, quivering sling bullets and carrying a wand of iceblast (6) (heavily wounded, blind, 83% to hit)
The searing ray misses Joseph. (Press . to maintain the ray.)
* * * LOW HITPOINT WARNING * * *
Joseph shoots a sling bullet.
The sling bullet hits you!
You die...

#.# #.# ##### #.# #...#
#.# ####### #...# #.#
......# #...# #.#
......######...# #.#
..........##...###.####..#
................@......>#
.####......#######@######
..# #......# .... ..#
######.# #....# ..# #.#
#....# ..# #.# #....# #.#
#..@.# #.# #....# #.#


You could see Joseph (blind).

Vanquished Creatures
  A water moccasin (D:6)
  A sky beast (D:5)
  A necrophage (D:4)
  2 ogres
  2 scorpions
  3 wights (D:6)
  A crimson imp (D:5)
  A bullfrog zombie (D:5)
  5 hounds
  2 orc wizards (D:6)
  A hound skeleton (D:4)
  4 gnolls (D:4)
  5 adders
  2 howler monkey skeletons
  A shadow imp (D:6)
  2 white imps
  A worm (D:2)
  2 dart slugs
  3 orcs
  6 endoplasms
  2 giant cockroaches
  13 goblins
  10 hobgoblins
  3 jackals (D:4)
  12 kobolds
  2 quokkas (D:3)
  5 ball pythons
  3 bats
  5 frilled lizards
  4 rats
105 creatures vanquished.

Vanquished Creatures (collateral kills)
  A necrophage (D:6)
  2 ogres (D:6)
  A kobold brigand (D:6)
  2 wights (D:6)
  A centaur zombie (D:5)
  A bullfrog zombie (D:6)
  An orc priest (D:6)
  A hound (D:5)
  An iguana (D:4)
  2 orc wizards (D:6)
  A scorpion zombie (D:5)
  An adder (D:4)
  A white imp (D:6)
  An ufetubus (D:6)
  2 orcs (D:5)
19 creatures vanquished.

Vanquished Creatures (others)
  A knight (D:7)
  2 ancestors
  7 fulminant prisms
10 creatures vanquished.

Grand Total: 134 creatures vanquished

Notes
Turn   | Place    | Note
-------+----------+-------------------------------------------
     0 | D:1      | Dordric the Djinni Conjurer began the quest for the Orb.
     0 | D:1      | Reached XP level 1. HP: 15/15 MP: 0/0
   413 | D:1      | Reached XP level 2. HP: 19/21 MP: 0/0
   475 | D:1      | Reached skill level 4 in Spellcasting
   592 | D:1      | Found a faded altar of an unknown god.
   612 | D:1      | Became a worshipper of Uskayaw the Reveller
   612 | D:1      | Reached * piety under Uskayaw
  1632 | D:2      | Reached XP level 3. HP: 23/25 MP: 0/0
  1632 | D:2      | Learned a level 1 spell: Apportation
  1784 | D:2      | Reached ** piety under Uskayaw
  2490 | D:2      | Reached XP level 4. HP: 26/31 MP: 0/0
  3007 | D:3      | Identified the Guide on the Aerial Mountains
  3016 | D:3      | Found a sparkling altar of Nemelex Xobeh.
  3252 | D:3      | Found a hazy altar of Hepliaklqana.
  3269 | D:3      | Fell from the grace of Uskayaw
  3269 | D:3      | Became a worshipper of Hepliaklqana the Forgotten
  3339 | D:3      | Reached skill level 5 in Spellcasting
  3351 | D:3      | Found a hide-covered altar of Uskayaw.
  3732 | D:4      | Reached XP level 5. HP: 24/31 MP: 0/0
  3732 | D:4      | Learned a level 2 spell: Passwall
  3941 | D:4      | Reached skill level 6 in Spellcasting
  3941 | D:4      | Reached XP level 6. HP: 21/36 MP: 0/0
  4091 | D:4      | Found a broken altar of Ashenzari.
  4342 | D:4      | Reached skill level 1 in Armour
  4805 | D:4      | Reached * piety under Hepliaklqana
  5047 | D:4      | Noticed a necrophage
  5054 | D:4      | Killed a necrophage
  5055 | D:4      | Reached XP level 7. HP: 33/40 MP: 0/0
  5055 | D:4      | Learned a level 3 spell: Ozocubu's Armour
  5185 | D:5      | Entered Level 5 of the Dungeon
  5384 | D:5      | Reached skill level 7 in Spellcasting
  5826 | D:4      | Reached XP level 8. HP: 6/45 MP: 0/0
  6161 | D:5      | Reached ** piety under Hepliaklqana
  6162 | D:5      | Remembered your ancestor Tiberius as a knight
  6382 | D:5      | Found an ornate altar of the Wu Jian Council.
  6670 | D:6      | Reached skill level 1 in Evocations
  6677 | D:6      | Reached skill level 8 in Spellcasting
  7120 | D:6      | Found a staircase to the Ecumenical Temple.
  7242 | D:6      | Reached skill level 9 in Spellcasting
  7242 | D:6      | Reached XP level 9. HP: 36/50 MP: 0/0
  7242 | D:6      | Learned a level 3 spell: Inner Flame
  7445 | D:6      | Found Fuerituc's Book Shoppe.
  7469 | D:6      | Found a glowing golden altar of the Shining One.
  7773 | D:7      | Noticed Joseph
  7792 | D:7      | Shot with a sling bullet by Joseph

Illustrated notes

Levels and vault maps discovered:
D:1:      dpeg_arrival_three_same_balls, layout_basic,
          ebering_ecumenical_altar_rust, serial_glass, glass_columns_c,
          glass_columns_c, minmay_misc_feat_diagonals, hex_medium
D:2:      cheibrodos_greedy_goblins, layout_basic
D:3:      layout_basic, amcnicky_altar_gilded, lemuel_crystal_altar,
          nicolae_overflow_hidden_temple, chequers_serial_rivers_room_a
D:4:      layout_cave_pods, lemuel_round_altar, chequers_arboretum,
          nrook_campfire
D:5:      layout_basic, marbit_many_paths, kennysheep_nub,
          minmay_fire_ice_demons
D:6:      layout_rooms, overflow_temple_1_default, temple_pool_b, serial_shops,
          shop
D:7:      layout_basic, nzn_overflow_gifts_of_might_and_magic,
          nicolae_elyvilon_peaceful_grove, uniq_joseph

Skill      XL: |  1  2  3  4  5  6  7  8 |
---------------+-------------------------+-----
Spellcasting   | 4 5 6 7 9 |  9.3
Armour         | 1 3 4 |  4.8
Evocations     | 1 |  1.3
Fighting       | |  0.5
Dodging        | |  2.1
Stealth        | |  1.5

Action                   |  1- 3 |  4- 6 |  7- 9 || total
-------------------------+-------+-------+-------++-------
Melee: Unarmed           |       |     1 |       ||     1
 Cast: Magic Dart        |    71 |   105 |   124 ||   300
       Searing Ray       |     3 |     4 |     2 ||     9
       Fulminant Prism   |       |     1 |     6 ||     7
       Dazzling Flash    |       |     1 |     1 ||     2
       Iskenderun's Myst |       |       |     1 ||     1
Invok: Ancestor Identity |       |       |     1 ||     1
       Ancestor Life: Kn |       |       |     1 ||     1
Evoke: Wand              |       |       |     3 ||     3
Armor: Robe              |     1 |       |       ||     1
       Leather armour    |       |     5 |       ||     5
Dodge: Dodged            |     1 |    11 |     7 ||    19

Table legend: (Time is in decaauts)
 A = Elapsed time spent in this place.
 B = Non-inter-level travel time spent in this place.
 C = Inter-level travel time spent in this place.
 D = Time resting spent in this place.
 E = Time spent auto-exploring this place.
 F = Levels seen in this place.
 G = Mean time per level.
                   A        B        C        D        E       F      G
               +--------+--------+--------+--------+--------+-----+--------+
         Total |   7796 |   7573 |    223 |      0 |   6894 |   7 | 1113.7 |
       Dungeon |   7796 |   7573 |    223 |      0 |   6894 |   7 | 1113.7 |
               +--------+--------+--------+--------+--------+-----+--------+

Top non-repeatable levels by time:
     D:4: 1852 daAuts
     D:1: 1427 daAuts
     D:2: 1283 daAuts
     D:5: 1183 daAuts
     D:6: 1072 daAuts
     D:3: 913 daAuts
     D:7: 63 daAuts
